 Dungeon Crawl Stone Soup version 0.27-a0-1365-ge71e8f7681 (webtiles) character file.

Game seed: 17452843346839735901

7 AarnesTheHuman the Sneak (level 2, -2/17 HPs)
             Began as an Octopode Enchanter on June 28, 2021.
             Slain by a hobgoblin (5 damage)
             ... on level 1 of the Dungeon.
             The game lasted 00:01:21 (87 turns).

AarnesTheHuman the Sneak (Octopode Enchanter)         Turns: 87, Time: 00:01:22

Health: -2/17      AC:  1    Str:  7    XL:     2   Next: 4%
Magic:  5/5        EV: 13    Int: 17    God:
Gold:   13         SH:  0    Dex: 12    Spells: 4/5 levels left

rFire    . . .     SeeInvis .   a - +1 dagger
rCold    . . .     Faith    .   (no shield)
rNeg     . . .     Spirit   .   (helmet restricted)
rPois    .         Reflect  .   (no amulet)
rElec    .         Harm     .   (no ring)
rCorr    .         Rampage  .   (no ring)
Will     .....                  (no ring)
Stlth    +++.......             (no ring)
HPRegen  0.05/turn              (no ring)
MPRegen  0.09/turn              (no ring)
                                (no ring)
                                (no ring)

@: no status effects
A: almost no armour, amphibious, 8 rings, camouflage 1, gelatinous body 1,
(nimble swimmer 1), tentacles
a: no special abilities


You were on level 1 of the Dungeon.
You visited 1 branch of the dungeon, and saw 1 of its levels.

You collected 13 gold pieces.

Inventory:

Hand Weapons
 a - a +1 dagger (weapon)


   Skills:
 + Level 1.2 Short Blades
 + Level 2.1 Dodging
 + Level 4.2 Stealth
 + Level 2.1 Spellcasting
 + Level 3.1 Hexes


You had 4 spell levels left.
You knew the following spells:

 Your Spells              Type           Power      Damage    Failure   Level
a - Corona                Hex            13%        N/A       5%          1

Your spell library contained the following spells:

 Spells                   Type           Power      Damage    Failure   Level
 Ensorcelled Hibernation  Hex/Ice        14%        N/A       16%         2
 Confusing Touch          Hex            12%        N/A       16%         3
 Tukima's Dance           Hex            12%        N/A       16%         3
 Dazzling Flash           Conj/Hex       14%        N/A       30%         3


Dungeon Overview and Level Annotations

Branches:
Dungeon (1/15)

Altars:


Innate Abilities, Weirdness & Mutations

You cannot wear most types of armour.
You are amphibious.
You can wear up to eight rings at the same time.
Your skin changes colour to match your surroundings (Stealth+).
Your rubbery body absorbs attacks. (AC +1, EV +1)
((You are camouflaged near water. (Stealth+)))
You have tentacles for arms and can constrict up to eight enemies at once.


Message History

You kill the jackal!
You hit the jackal but do no damage. You grab the jackal.
You constrict the jackal. The jackal bites you. x2
You hit the jackal.
The jackal is moderately wounded.
You constrict the jackal.
The jackal bites you but does no damage.
You hit the jackal. Your squeeze misses the jackal.
The jackal is severely wounded.
You constrict the jackal, but do no damage.
The jackal bites you.
You hit the jackal but do no damage.
The jackal is severely wounded.
You constrict the jackal, but do no damage.
The jackal closely misses you. The jackal barely misses you.
You hit the jackal but do no damage.
The jackal is heavily wounded.
You constrict the jackal.
The jackal bites you but does no damage.
You hit the jackal but do no damage. Your squeeze misses the jackal.
The jackal is severely wounded.
You constrict the jackal. The jackal bites you.
You hit the jackal.
You kill the jackal!
You have reached level 2!
You closely miss the hobgoblin. Your grab misses the hobgoblin.
The hobgoblin completely misses you.
You barely miss the hobgoblin. You grab the hobgoblin.
You squeeze the hobgoblin.
The hobgoblin is moderately wounded.
You constrict the hobgoblin. The hobgoblin hits you.
You hit the hobgoblin.
The hobgoblin is almost dead.
You constrict the hobgoblin, but do no damage.
The hobgoblin hits you.
* * * LOW HITPOINT WARNING * * *
You release your grip on the hobgoblin.
A ball python comes into view.
The hobgoblin hits you.
You die...

... #....#
....#############....####
....†....................
.[..#############....#....#
... #....# ...#
############# ##....#....#
#...≈≈≈≈...# #..........#
♣#..........####.g........#
♣#....≈≈....#8.#@.........#
♣#..........'.............#
.'..........'..........##..
##..........'...##.##### #
.#....≈≈....#8.###.#
.#..........#### #.#
.#...≈≈≈≈...# #.#
############# S.


You could see a hobgoblin.

Vanquished Creatures
  A dart slug (D:1)
  3 jackals (D:1)
  A bat (D:1)
5 creatures vanquished.

Notes
Turn   | Place    | Note
-------+----------+-------------------------------------------
     0 | D:1      | AarnesTheHuman the Octopode Enchanter began the quest for
                  | the Orb.
     0 | D:1      | Reached XP level 1. HP: 11/11 MP: 3/3
    67 | D:1      | Reached XP level 2. HP: 10/17 MP: 5/5
    87 | D:1      | Slain by a hobgoblin

Illustrated notes

Levels and vault maps discovered:
D:1:      scummos_arrival_gate, layout_basic, chequers_garden

Action                   || total
-------------------------++-------
Melee: Dagger            ||    17
       Constrict         ||     4
       Tentacles         ||     2
 Stab: Sleeping          ||     2
Armor: Skin              ||     2
Dodge: Dodged            ||     7

Table legend: (Time is in decaauts)
 A = Elapsed time spent in this place.
 B = Non-inter-level travel time spent in this place.
 C = Inter-level travel time spent in this place.
 D = Time resting spent in this place.
 E = Time spent auto-exploring this place.
 F = Levels seen in this place.
 G = Mean time per level.
                   A        B        C        D        E       F      G
               +--------+--------+--------+--------+--------+-----+--------+
         Total |     85 |     85 |      0 |      0 |     20 |   1 |   85.0 |
       Dungeon |     85 |     85 |      0 |      0 |     20 |   1 |   85.0 |
               +--------+--------+--------+--------+--------+-----+--------+

Top non-repeatable levels by time:
     D:1: 85 daAuts
